 Dungeon Crawl Stone Soup version 0.28.0 (webtiles) character file.

Game seed: 7094144490351238890

29 funkygono the Firebug (level 3, -2/19 HPs)
             Began as a Gargoyle Fire Elementalist on Feb 17, 2022.
             Slain by a jackal (3 damage)
             ... on level 1 of the Dungeon.
             The game lasted 00:01:45 (991 turns).

funkygono the Firebug (Gargoyle Fire Elementalist)   Turns: 991, Time: 00:01:45

Health: -2/19      AC:  5    Str: 11    XL:     3   Next: 16%
Magic:  3/6        EV: 12    Int: 17    God:
Gold:   8          SH:  0    Dex: 10    Spells: 0/6 levels left

rFire   . . .      SeeInvis .   e - +0 whip
rCold   . . .      Faith    .   (no shield)
rNeg    + . .      Spirit   .   a - +0 robe
rPois   ∞          Reflect  .   (no helmet)
rElec   +          Harm     .   (no cloak)
rCorr   .          Rampage  .   (no gloves)
Will    .....                   (no boots)
Stlth   +.........              (no amulet)
HPRegen 0.06/turn               (no ring)
MPRegen 0.10/turn               (no ring)

@: silenced
A: sickness immunity, AC +3, negative energy resistance 1, electricity
resistance, torment resistance 1, petrification resistance
a: no special abilities


You were on level 1 of the Dungeon.
You visited 1 branch of the dungeon, and saw 1 of its levels.

You collected 8 gold pieces.

Inventory:

Hand Weapons
 e - a +0 whip (weapon)
Missiles
 c - 19 stones
Armour
 a - a +0 robe (worn)
 b - a +0 leather armour
Scrolls
 h - 3 scrolls of enchant weapon {unknown}
Potions
 d - a potion of brilliance {unknown}
 f - a potion of flight {unknown}
 i - a potion of curing {unknown}


   Skills:
 + Level 1.6 Dodging
 - Level 2.1 Stealth
 * Level 2.3 Spellcasting
 * Level 1.7 Conjurations
 * Level 3.6 Fire Magic


You couldn't memorise any spells.
You knew the following spells:

 Your Spells              Type           Power      Damage    Failure   Level
a - Foxfire               Conj/Fire      44%        2x1d6     6%          1
b - Scorch                Fire           28%        2d6       6%          2
c - Conjure Flame         Conj/Fire      11%        6-21      19%         3

Your spell library contained the following spells:

 Spells                   Type           Power      Damage    Failure   Level
 Inner Flame              Hex/Fire       8%         N/A       26%         3
 Summon Guardian Golem    Hex/Summ       1%         N/A       50%         3
 Flame Wave               Conj/Fire      11%        2d5       52%         4
 Orb of Destruction       Conj           3%         9d5       100%        7
 Spellforged Servitor     Conj/Summ      2%         N/A       100%        7


Dungeon Overview and Level Annotations

Branches:
Dungeon (1/15)

Altars:

Shops:
D:1 (


Innate Abilities, Weirdness & Mutations

You are immune to sickness and miasma.
Your stone body is resilient. (AC +3)
You are immune to poison.
You resist negative energy. (rN+)
You are resistant to electric shocks. (rElec)
You are resistant to unholy torment.
You are immune to petrification.


Message History

You hit the jackal.
The jackal is almost dead.
The jackal bites you but does no damage.
The jackal misses you. x3
The jackal bites you but does no damage.
The jackal bites you.
You closely miss the jackal.
The jackal is almost dead.
The jackal bites you but does no damage. x3
You cannot cast spells when silenced!
You hit the jackal.
You kill the jackal!
The jackal barely misses you. The jackal misses you. x2
The jackal bites you but does no damage.
You hit the goblin.
You kill the goblin!
The jackal bites you but does no damage. x2
The jackal barely misses you.
You barely miss the endoplasm.
The jackal bites you but does no damage.
The endoplasm freezes you.
You are frozen.
The jackal closely misses you.
The jackal bites you but does no damage.
You hit the endoplasm.
You kill the endoplasm!
The jackal closely misses you. The jackal misses you.
The jackal closely misses you.
You barely miss the rat. The jackal barely misses you.
The rat barely misses you. The jackal closely misses you.
The jackal bites you but does no damage.
You closely miss the rat. The jackal closely misses you.
The jackal bites you but does no damage.
The rat misses you.
The jackal bites you but does no damage.
You closely miss the rat. The jackal bites you.
* * * LOW HITPOINT WARNING * * *
The rat closely misses you. The jackal bites you.
* * * LOW HITPOINT WARNING * * *
The jackal bites you.
You die...

##.#.##....##....##...#
####.#.......÷∩#.......#.#
......#.##..........##...#
......#.##.......#.####.#######
#####.#..........#.............
###......÷∩########.#######
#∩.###∩### #.##### #### #######
#.....# . ##Kh@## #####.#
..#.#h#r## #.# ...........# #.#
##..#†..#.## #.# #....).†..#
#.# #...#...#.# #.# #..###..#.#
####.##### ..#
#.#.#.######......... ..
#...#........##.#####


You could see 2 jackals, a kobold and a rat.

Vanquished Creatures
  2 ball pythons (D:1)
  A bat (D:1)
  3 endoplasms (D:1)
  4 giant cockroaches (D:1)
  4 goblins (D:1)
  A hobgoblin (D:1)
  3 jackals (D:1)
  A quokka (D:1)
  A frilled lizard (D:1)
  2 kobolds (D:1)
  A rat (D:1)
23 creatures vanquished.

Vanquished Creatures (others)
  42 foxfires (D:1)
42 creatures vanquished.

Grand Total: 65 creatures vanquished

Notes
Turn   | Place    | Note
-------+----------+-------------------------------------------
     0 | D:1      | funkygono the Gargoyle Fire Elementalist began the quest
                  | for the Orb.
     0 | D:1      | Reached XP level 1. HP: 10/10 MP: 3/3
   381 | D:1      | Reached XP level 2. HP: 15/15 MP: 0/5
   384 | D:1      | Learned a level 2 spell: Scorch
   610 | D:1      | Found Xaajad Xoqi's Antique Weapon Emporium.
   957 | D:1      | Reached XP level 3. HP: 19/19 MP: 1/6
   961 | D:1      | Learned a level 3 spell: Conjure Flame
   991 | D:1      | Slain by a jackal

Illustrated notes

Levels and vault maps discovered:
D:1:      amcnicky_arrival_abandoned_market, layout_loops_ring, serial_shops,
          nicolae_shop_advertising_works [nicolae_subvault_shop_adworks]

Action                   || total
-------------------------++-------
Melee: Whip              ||    19
 Cast: Foxfire           ||    29
       Scorch            ||     1
  Use: Scroll            ||     1
Armor: Robe              ||    39
Dodge: Dodged            ||    68
